 Dungeon Crawl Stone Soup version 0.23-a0-143-g1adec7b (webtiles) character file.

136 MothsLongingForFire the Chopper (level 5, -3/45 HPs)
             Began as a Hill Orc Abyssal Knight on Sept 4, 2018.
             Was a Believer of Lugonu.
             Slain by an orc
             ... wielding a +0 hand axe
              (7 damage)
             ... on level 4 of the Dungeon.
             The game lasted 00:02:50 (2210 turns).

MothsLongingForFire the Chopper (HOAK)              Turns: 2210, Time: 00:02:51

Health: -3/45      AC:  6    Str: 16    XL:     5   Next: 19%
Magic:  6/6        EV: 10    Int: 12    God:    Lugonu [**....]
Gold:   160        SH:  0    Dex: 10    Spells: 4/4 levels left

rFire    . . .     SeeInvis +   a - +1 hand axe
rCold    . . .     Gourm    .   (no shield)
rNeg     . . .     Faith    .   h - +0 ring mail
rPois    +         Spirit   .   g - +0 helmet
rElec    .         Reflect  .   (no cloak)
rCorr    .         Harm     .   (no gloves)
MR       .....                  (no boots)
Stlth    ..........             (no amulet)
HPRegen  0.15/turn              P - ring of poison resistance
MPRegen  0.10/turn              v - ring of see invisible

@: no status effects
A: no striking features
a: Depart the Abyss, Bend Space, Renounce Religion


You were on level 4 of the Dungeon.
You worshipped Lugonu.
Lugonu was pleased with you.
You were not hungry.

You visited 1 branch of the dungeon, and saw 4 of its levels.
You visited the Abyss 1 time.

You collected 160 gold pieces.


   Skills:
 - Level 3.6 Fighting
 + Level 6.9 Axes
 - Level 2.1 Armour
 - Level 0.7 Dodging
 - Level 2.4 Invocations


You had 4 spell levels left.
You didn't know any spells.
Your spell library was empty.

Inventory:

Hand Weapons
 a - a +1 hand axe (weapon)
Missiles
 d - 6 javelins of penetration (quivered)
 i - 63 stones
Armour
 b - a +0 leather armour
 f - a +0 cloak
 g - a +0 helmet (worn)
 h - a +0 ring mail (worn)
Jewellery
 v - a ring of see invisible (right hand)
 P - a ring of poison resistance (left hand)
Wands
 u - a wand of disintegration (14)
Scrolls
 e - 3 scrolls of remove curse {unknown}
 l - a scroll of magic mapping {unknown}
 m - 2 scrolls of immolation {unknown}
 n - a scroll of amnesia {unknown}
 o - a scroll of enchant weapon {unknown}
 s - a scroll of noise {unknown}
Potions
 j - a potion of ambrosia {unknown}
 k - 2 potions of resistance {unknown}
 p - a potion of mutation {unknown}
 q - a potion of flight {unknown}
 r - a potion of haste {unknown}
 t - a potion of heal wounds {unknown}
Comestibles
 c - 5 rations {@e1}
 w - a chunk of flesh

Dungeon Overview and Level Annotations

Branches:
Dungeon (4/15)
 Temple: D:4-7

Altars:
Cheibriados
Elyvilon
Makhleb

#......## #.########
#.........
#####..#######
#......# #..###.## .
#.#
.#####.##########.#
.........o@o....o.(#
...###.#############
... ####


You could see 3 orcs.


Message History

Press: ? - help, Shift-Dir - straight line, f - orc
Aim: an orc, wielding a mace and wearing a chain mail You throw a javelin of penetration.
The javelin of penetration pierces through the orc but does no damage.
Throwing (i - inventory. (/) - cycle)
d - 7 javelins of penetration (quivered)
Press: ? - help, Shift-Dir - straight line, f/p - orc
Aim: an orc, wielding a mace and wearing a chain mail You throw a javelin of penetration.
The javelin of penetration barely misses the orc.
You hit the orc but do no damage.
An orc comes into view. It is wielding a hand axe.
The orc hits you with a mace.
* * * LOW HITPOINT WARNING * * *
The orc shouts!
You hit the orc.
The orc is moderately wounded.
The orc barely misses you.
You barely miss the orc.
The orc is moderately wounded.
An orc comes into view. It is wielding a short sword of venom.
The orc hits you with a hand axe.
* * * LOW HITPOINT WARNING * * *
Things that are here:
a short sword; a leather armour You closely miss the orc.
You hit the orc. The orc barely misses you. The orc closely misses you.
Your ring mail prevents you from hitting the orc.
You hit the orc but do no damage. The orc hits you but does no damage.
The orc hits you with a hand axe!
You die...

Skill      XL: |  1  2  3  4 |
---------------+-------------+-----
Axes           | 3 4 5 6 |  6.9
Fighting       | |  3.6
Armour         | |  2.1
Dodging        | |  0.7
Invocations    | |  2.4

Action                   |  1- 3 |  4- 6 || total
-------------------------+-------+-------++-------
Melee: Hand axe          |   123 |    84 ||   207
Throw: Javelin           |       |     2 ||     2
Invok: Depart the Abyss  |     1 |       ||     1
  Use: Potion            |     2 |       ||     2
  Eat: Chunk             |     2 |     2 ||     4
Armor: Leather armour    |     3 |       ||     3
       Ring mail         |    38 |    28 ||    66
Dodge: Dodged            |    60 |    35 ||    95

Vault maps used:
D:1:      dpeg_arrival_chase
D:2:      marbit_many_paths, first_ration
D:3:      gammafunk_temple_overflow_elements, minmay_strange_pillars,
          columned_hall_lemuel
Abyss:1:  hangedman_cross_veins

Notes
Turn   | Place    | Note
-------+----------+-------------------------------------------
     0 | Abyss:1  | MothsLongingForFire the Hill Orc Abyssal Knight began the
                  | quest for the Orb.
     0 | Abyss:1  | Reached XP level 1. HP: 19/19 MP: 2/2
     0 | D:1      | You pass through the gate.
     0 | D:1      | Escaped the Abyss
    49 | D:1      | Reached skill level 3 in Axes
   131 | D:1      | Reached * piety under Lugonu
   131 | D:1      | Reached XP level 2. HP: 26/26 MP: 3/3
   477 | D:1      | Reached skill level 4 in Axes
   760 | D:2      | Reached XP level 3. HP: 14/31 MP: 4/4
  1020 | D:2      | Reached skill level 5 in Axes
  1377 | D:2      | Found a snail-covered altar of Cheibriados.
  1518 | D:2      | Reached XP level 4. HP: 32/39 MP: 5/5
  1707 | D:3      | Reached skill level 6 in Axes
  1784 | D:3      | Reached ** piety under Lugonu
  2090 | D:3      | Found a white marble altar of Elyvilon.
  2090 | D:3      | Found a burning altar of Makhleb.
  2169 | D:4      | Reached XP level 5. HP: 39/45 MP: 6/6
  2208 | D:4      | HP: 3/45 [orc/hand axe (4)]
  2210 | D:4      | Slain by an orc

Vanquished Creatures
  A hound (D:4)
  2 adders (D:2)
  3 oozes
  3 worms
  2 dart slugs
  2 leopard geckos (D:3)
  3 orcs
  2 ball pythons (D:3)
  4 giant cockroaches
  4 goblins
  9 hobgoblins
  2 jackals (D:2)
  3 quokkas
  5 bats
  2 frilled lizards
  5 kobolds
  3 rats
55 creatures vanquished.

Table legend:
 A = Turns spent in this place as a percentage of turns spent in the entire game.
 B = Non-inter-level travel turns spent in this place as a percentage of non-inter-level travel turns spent in the entire game.
 C = Inter-level travel turns spent in this place as a percentage of turns spent in this place.
 D = Turns resting spent in this place as a percentage of non-inter-level travel turns spent in this place.
 E = Turns spent auto-exploring this place as a percentage of non-inter-level travel turns spent in this place.
 F = Non-inter-level travel turns spent in this place divided by the number of levels of this place that you've seen.
                   A       B       C       D       E      F
               +-------+-------+-------+-------+-------+----------------------
         Total | 100.0 | 100.0 |   3.8 |  16.2 |  63.7 | 425.4
       Dungeon | 100.0 | 100.0 |   3.8 |  16.2 |  63.7 | 531.8
         Abyss |   0.0 |   0.0 |   N/A |   N/A |   N/A |   0.0
               +-------+-------+-------+-------+-------+----------------------

Table legend:
 A = Non-vault XP
 B = Vault XP
 C = Vault XP percentage of total XP
 D = Non-vault monster count
 E = Vault monster count
 F = Vault count percentage of total count
                 A         B        C        D         E       F
            +---------+---------+-------+---------+---------+-------
      Total |     193 |       2 |   1.0 |      53 |       2 |   3.6
            +---------+---------+-------+---------+---------+-------
        D:1 |      21 |       1 |   4.5 |      12 |       1 |   7.7
        D:2 |      71 |       1 |   1.4 |      19 |       1 |   5.0
        D:3 |      42 |       0 |   0.0 |      16 |       0 |   0.0
        D:4 |      59 |       0 |   0.0 |       6 |       0 |   0.0
            +---------+---------+-------+---------+---------+-------
